 Seeded DCSS version 0.28-a0-657-g71136c5590 (webtiles) character file.

Game seed: 69420690 (custom seed)

4 ekar the Skirmisher (level 1, 0/20 HPs)
             Began as a Minotaur Berserker on Oct 14, 2021.
             Was a Follower of Trog.
             Succumbed to an adder's poison
             ... on level 2 of the Dungeon.
             The game lasted 00:01:16 (113 turns).

ekar the Skirmisher (Minotaur Berserker)             Turns: 113, Time: 00:01:17

Health: 0/20       AC:  3    Str: 21    XL:     1   Next: 50%
Magic:  0/0        EV: 11    Int:  4    God:    Trog [*.....]
Gold:   13         SH:  0    Dex:  9    Spells: 0/0 levels left

rFire   . . .      SeeInvis .   a - +0 hand axe
rCold   . . .      Faith    .   (no shield)
rNeg    . . .      Spirit   .   c - +0 leather armour
rPois   .          Reflect  .   (helmet restricted)
rElec   .          Harm     .   (no cloak)
rCorr   .          Rampage  .   (no gloves)
Will    .....                   (no boots)
Stlth   +.........              (no amulet)
HPRegen 0.06/turn               (no ring)
MPRegen 0.07/turn               (no ring)

@: lethally poisoned (0 -> -2)
A: horns 2, retaliatory headbutt
a: Renounce Religion, Berserk


You were on level 2 of the Dungeon.
You worshipped Trog.
Trog was aware of your devotion.
You visited 1 branch of the dungeon, and saw 2 of its levels.

You collected 13 gold pieces.

Inventory:

Hand Weapons
 a - a +0 hand axe (weapon)
Armour
 b - a +0 animal skin
 c - a +0 leather armour (worn)


   Skills:
 + Level 3.8 Fighting
 + Level 3.7 Axes
 + Level 2.5 Armour
 + Level 2.2 Dodging


You couldn't memorise any spells.
You didn't know any spells.
Your spell library was empty.

Dungeon Overview and Level Annotations

Branches:
Dungeon (2/15)

Altars:


Innate Abilities, Weirdness & Mutations

You have a pair of horns on your head.
You reflexively headbutt those who attack you in melee.


Message History

Cleave: a) +0 hand axe
Press: ? - help, Dir - move target, f - kobold
Aim: a kobold, wielding a +0 whip and quivering stones (about 50% to evade your +0 hand axe)
You closely miss the kobold. The kobold hits you with a +0 whip.
Cleave: a) +0 hand axe
Press: ? - help, Dir - move target, f/p - kobold
Aim: a kobold, wielding a +0 whip and quivering stones (about 50% to evade your +0 hand axe)
You hit the kobold.
You kill the kobold!
Trog accepts your kill. The adder bites you.
You are poisoned.
The adder poisons you!
Cleave: a) +0 hand axe
Press: ? - help, Dir - move target, f - adder
Aim: an adder (about 62% to evade your +0 hand axe)
You closely miss the adder.
You feel sick. The adder closely misses you. You furiously retaliate!
You headbutt the adder!
Cleave: a) +0 hand axe
Press: ? - help, Dir - move target, f/p - adder
Aim: an adder (severely wounded, about 62% to evade your +0 hand axe)
You closely miss the adder.
The adder is severely wounded.
You feel sick. The adder bites you.
* * * LOW HITPOINT WARNING * * *
The adder bites you.
* * * LOW HITPOINT WARNING * * *
Cleave: a) +0 hand axe
Press: ? - help, Dir - move target, f/p - adder
Aim: an adder (severely wounded, about 62% to evade your +0 hand axe)
You hit the adder.
The adder is almost dead.
* * * LOW HITPOINT WARNING * * *
You feel sick. The adder misses you.
Cleave: a) +0 hand axe
Press: ? - help, Dir - move target, f/p - adder
Aim: an adder (almost dead, about 62% to evade your +0 hand axe)
You hit the adder but do no damage.
The adder is almost dead.
You die...

## .. #.
#. ##.##
.$.# #.##
#..######
##.@S...#
######.#
#.# .K.
....
......
.......
.........


You could see an adder.

Vanquished Creatures
  A bat (D:2)
  A kobold (D:2)
  A ball python (D:1)
  A rat (D:1)
4 creatures vanquished.

Notes
Turn   | Place    | Note
-------+----------+-------------------------------------------
     0 | D:1      | ekar the Minotaur Berserker began the quest for the Orb.
     0 | D:1      | Reached XP level 1. HP: 19/19 MP: 0/0
   112 | D:2      | HP: 1/20 [poisoned by an adder]
   113 | D:2      | Succumbed to an adder's poison

Illustrated notes

Levels and vault maps discovered:
D:1:      evilmike_arrival_fibonacci_small, layout_loops_ring,
          minmay_misc_feat_five
D:2:      layout_rooms, serial_shops, shop, uniq_natasha

Action                   || total
-------------------------++-------
Melee: Hand axe          ||    10
  Use: Scroll            ||     1
Armor: Leather armour    ||     9
Dodge: Dodged            ||    17

Table legend: (Time is in decaauts)
 A = Elapsed time spent in this place.
 B = Non-inter-level travel time spent in this place.
 C = Inter-level travel time spent in this place.
 D = Time resting spent in this place.
 E = Time spent auto-exploring this place.
 F = Levels seen in this place.
 G = Mean time per level.
                   A        B        C        D        E       F      G
               +--------+--------+--------+--------+--------+-----+--------+
         Total |    113 |    113 |      0 |      0 |      0 |   2 |   56.5 |
       Dungeon |    113 |    113 |      0 |      0 |      0 |   2 |   56.5 |
               +--------+--------+--------+--------+--------+-----+--------+

Top non-repeatable levels by time:
     D:1: 94 daAuts
     D:2: 19 daAuts
